 Dungeon Crawl Stone Soup version 0.30.1-9-gdf580d7c3d (webtiles) character file.

Game seed: 3585083834648079432

301 Psyclone the Destroyer (level 6, 32/32 HPs)
             Began as a Deep Elf Conjurer on Oct 1, 2023.
             Quit the game on level 4 of the Dungeon.
             The game lasted 00:07:43 (4457 turns).

Psyclone the Destroyer (Deep Elf Conjurer)          Turns: 4457, Time: 00:07:44

Health: 32/32      AC:  2    Str:  4    XL:     6   Next: 14%
Magic:  13/13      EV: 13    Int: 25    God:
Gold:   216        SH:  0    Dex: 19    Spells: 9/12 levels left

rFire   . . .        j - +0 dagger
rCold   . . .        (no shield)
rNeg    . . .        a - +0 robe
rPois   .            (no helmet)
rElec   .            (no cloak)
rCorr   .            (no gloves)
SInv    .            (no boots)
Will    +....        (no amulet)
Stlth   ++           r - +6 ring of dexterity
HPRegen 0.25/turn    q - ring of willpower
MPRegen 0.13/turn

%: no passive effects
@: no status effects
A: no striking features
a: no special abilities


You were on level 4 of the Dungeon.
You visited 1 branch of the dungeon, and saw 4 of its levels.

You collected 216 gold pieces.

Inventory:

Hand Weapons
 j - a +0 dagger (weapon)
Armour
 a - a +0 robe (worn)
Jewellery
 f - a ring of protection from cold
 m - a ring of positive energy
 q - a ring of willpower (right hand)
 r - a +6 ring of dexterity (left hand)
Scrolls
 d - a scroll of identify {@r1}
 g - a scroll of fear
 l - 3 scrolls of immolation
 n - 2 scrolls of torment
 o - a scroll of amnesia
Potions
 b - a potion of attraction
 c - a potion of curing
 e - a potion of might {unknown}


   Skills:
 - Level 2.4 Dodging
 - Level 2.4 Stealth
 + Level 3.7 Spellcasting
 - Level 8.0 Conjurations


You had 9 spell levels left.
You knew the following spells:

 Your Spells              Type           Power      Damage    Failure   Level
a - Magic Dart            Conj           100%       1d8       1%          1
b - Searing Ray           Conj           88%        2d7       1%          2

Your spell library contained the following spells:

 Spells                   Type           Power      Damage    Failure   Level
 Dazzling Flash           Conj/Hex       48%        N/A       5%          3
 Lesser Beckoning         Tloc           8%         N/A       14%         2
 Sublimation of Blood     Necr           4%         N/A       14%         2
 Wereblood                Tmut           4%         N/A       14%         2
 Fulminant Prism          Conj/Hex       12%        3d9       19%         4
 Iskenderun's Mystic Bla  Conj/Tloc      24%        2d7       19%         4
 Gell's Gravitas          Tloc           4%         N/A       28%         3
 Ozocubu's Armour         Ice            4%         N/A       28%         3
 Swiftness                Air            4%         N/A       28%         3
 Teleport Other           Tloc           4%         N/A       28%         3
 Plasma Beam              Fire/Air       2%         2x1d13    100%        6
 Storm Form               Tmut/Air       2%         N/A       100%        7
 Summon Hydra             Summ           2%         N/A       100%        7


Dungeon Overview and Level Annotations

Branches:
Dungeon (4/15) Zot: 19557
 Temple: D:4-7

Altars:
Okawaru
Ru
Sif Muna
Zin

Shops:
D:4 *


Message History

Confirm with . or Enter, or press ? or * to list all spells.
Aiming: Magic Dart (safe; 1% risk of failure)
Press: ? - help, Shift-Dir - straight line, f/p - endoplasm
Aim: an endoplasm (lightly wounded, 100% to hit)
The magic dart hits the endoplasm.
You kill the endoplasm!
You take 1 damage, and have 31/32 hp.
You now have 10/13 mp.
Casting: Magic Dart (safe; 1% risk of failure)
Confirm with . or Enter, or press ? or * to list all spells.
You can't see any susceptible monsters within range! (Use Z to cast anyway.) Unknown command.
Key pressed, stopping explore.
Key pressed, stopping explore.
Key pressed, stopping explore.
Found a glowing silver altar of Zin.
Health restored: 32; MP restored: 13
Found an escape hatch in the floor.
Key pressed, stopping explore.
Key pressed, stopping explore.
Key pressed, stopping explore.
Key pressed, stopping explore.
Key pressed, stopping explore.
Found a mace.
Key pressed, stopping explore.
You see here 5 stones.
Key pressed, stopping explore.
Key pressed, stopping explore.
Key pressed, stopping explore.
Key pressed, stopping explore.
Key pressed, stopping explore.
Key pressed, stopping explore.
Key pressed, stopping explore.
Key pressed, stopping explore.
e - an orange potion Key pressed, stopping explore.
Key pressed, stopping explore.
Key pressed, stopping explore.
Key pressed, stopping explore.
Done exploring.
Are you sure you want to abandon this character and quit the game? (Confirm with "yes".)

###......... #.........##
###......### #.........#
##......#.. ##.....#..
###### #..#.....
######....# ##.......
##......@..### ##......
#..≈≈≈≈≈≈....# ####.....)
#..≈≈≈≈≈≈.##.###.........
#..≈≈.>≈≈.##..##.........
#..≈≈8_≈≈..##..#.........
#..≈≈≈≈≈≈...#............
#..≈≈≈≈≈≈................
#.........###............
#.###...### #............


There were no monsters in sight!

Vanquished Creatures
  A scorpion zombie (D:4)
  A sleepcap (D:1)
  Jessica (D:2)
  Terence (D:2)
  An orc wizard (D:3)
  A hound zombie (D:4)
  Robin (D:3)
  3 adder zombies (D:4)
  A worm (D:2)
  16 orcs
  11 ball pythons
  7 endoplasms
  5 giant cockroaches
  7 hobgoblins
  3 jackals (D:1)
  9 kobolds
  4 quokkas
  7 bats
  2 frilled lizards (D:1)
  22 goblins
  A quokka skeleton (D:4)
  10 rats
115 creatures vanquished.

Notes
Turn   | Place    | Note
-------+----------+-------------------------------------------
     0 | D:1      | Psyclone the Deep Elf Conjurer began the quest for the Orb.
     0 | D:1      | Reached XP level 1. HP: 10/10 MP: 6/6
   230 | D:1      | Reached XP level 2. HP: 15/15 MP: 5/8
   432 | D:1      | Reached skill level 5 in Conjurations
   579 | D:1      | Learned a level 2 spell: Searing Ray
   945 | D:1      | Got the Vellum of Fog and Algor
  1040 | D:1      | Reached XP level 3. HP: 12/19 MP: 5/9
  1044 | D:1      | Reached skill level 6 in Conjurations
  1334 | D:2      | Noticed Terence
  1338 | D:2      | Killed Terence
  1339 | D:2      | Reached XP level 4. HP: 24/24 MP: 4/10
  1770 | D:2      | Noticed Jessica
  1773 | D:2      | Killed Jessica
  2374 | D:3      | Reached skill level 7 in Conjurations
  2436 | D:3      | Reached XP level 5. HP: 28/28 MP: 9/11
  2851 | D:3      | Found a faded altar of an unknown god.
  2857 | D:3      | Found an iron altar of Okawaru.
  3041 | D:3      | Noticed Robin
  3045 | D:3      | Killed Robin
  3375 | D:3      | Found a sacrificial altar of Ru.
  3375 | D:3      | Found a shimmering blue altar of Sif Muna.
  3761 | D:4      | Reached skill level 8 in Conjurations
  3932 | D:4      | HP: 1/28 [poisoned by you (poison gas)]
  3940 | D:4      | Reached XP level 6. HP: 13/32 MP: 9/13
  4120 | D:4      | Found Ashuro Ylys's General Store.
  4275 | D:4      | Found a glowing silver altar of Zin.
  4457 | D:4      | Quit the game

Illustrated notes

Levels and vault maps discovered:
D:1:      psy_arrival_statuary, layout_basic, wad_floor_pattern_1,
          palyth_stone_intersect
D:2:      layout_loops_ring, uniq_terence, uniq_jessica
D:3:      layout_loops_ring, nicolae_overflow_ecumenical_swirl,
          gammafunk_temple_overflow_statue, uniq_robin
D:4:      layout_cave_pools, general_overflow_altar, serial_shops, shop,
          serial_undead, serial_undead_f, serial_undead_b, serial_undead_a,
          serial_undead_d

Skill      XL: |  1  2  3  4  5 |
---------------+----------------+-----
Conjurations   | 5 6 7 8 |  8.0
Dodging        | |  2.4
Stealth        | |  2.4
Spellcasting   | |  3.7

Action                     |  1- 3 |  4- 6 || total
---------------------------+-------+-------++-------
  Melee: Dagger            |     2 |    21 ||    23
   Cast: Magic Dart        |    46 |   115 ||   161
         Searing Ray       |     6 |    19 ||    25
    Use: Potion            |       |     6 ||     6
         Scroll            |       |     8 ||     8
   Stab: Sleeping          |       |     1 ||     1
 Armour: Robe              |     7 |    16 ||    23
  Dodge: Dodged            |    22 |    52 ||    74
